TOP OF THE 1ST |
Nantucket Orcas batting - Pitching for Detroit Dirty Snow : LHP Marcos Ortíz
|
Pitching: LHP Marcos Ortíz
|
|
Batting: RHB Jorge Hernández
|
0-0: Called Strike 0-1: Foul Ball, location: 2F 0-2: Foul Ball, location: 2F 0-2: Foul Ball, location: 2F 0-2: Ball 1-2: Ball 2-2: SINGLE (Line Drive, 56D)
|
Batting: SHB Cory Campbell
|
0-0: Ball 1-0: Called Strike 1-1: Foul Ball, location: 2F 1-2: Foul Ball, location: 2F 1-2: Foul Ball, location: 2F 1-2: Ball 2-2: Ball Wild Pitch! Jorge Hernández to second 3-2: Foul Ball, location: 2F 3-2: Base on Balls
|
Batting: RHB Ramón Díaz
|
0-0: Ball 1-0: Ball Jorge Hernández steals 3rd base Cory Campbell to second 2-0: Swinging Strike 2-1: Fly out, F7 (Flyball, 7) Runner from 3rd tags up, SCORES, no throw
|
Batting: SHB Héctor Padilla
|
0-0: Fly out, F6 (Popup, 56D)
|
Batting: RHB Roberto Canó
|
0-0: Swinging Strike 0-1: Swinging Strike 0-2: Strikes out looking
|
Top of the 1st over - 1 run(s), 1 hit(s), 0 error(s), 1 left on base; Nantucket 1 - Detroit 0 |
BOTTOM OF THE 1ST |
Detroit Dirty Snow batting - Pitching for Nantucket Orcas : LHP Esteban Soto
|
Pitching: LHP Esteban Soto
|
|
Batting: RHB Phil Wright
|
0-0: Ball 1-0: SINGLE (Line Drive, 9S)
|
Batting: RHB Cristo Souza
|
0-0: Ball 1-0: Foul Ball, location: 2F 1-1: Fly out, F2 (Popup, 5S)
|
Batting: LHB Eric Powell
|
0-0: Called Strike Pickoff Throw to First - Error! E1 Phil Wright to second 0-1: Called Strike 0-2: Ground out 6-3 (Groundball, 6)
|
Batting: RHB Arturo Jiménez
|
0-0: Ball 1-0: Fly out, F5 (Line Drive, 5L)
|
Bottom of the 1st over - 0 run(s), 1 hit(s), 1 error(s), 1 left on base; Nantucket 1 - Detroit 0 |
TOP OF THE 2ND |
Nantucket Orcas batting - Pitching for Detroit Dirty Snow : LHP Marcos Ortíz
|
Batting: RHB César Osequedo
|
0-0: Called Strike 0-1: Ball 1-1: Called Strike 1-2: DOUBLE (Flyball, 78D)
|
Batting: RHB Pepe Franco
|
0-0: Ball 1-0: Ball 2-0: Ground out 6-3 (Groundball, 6M) César Osequedo to third
|
Batting: LHB Noah Gillespie
|
0-0: Called Strike 0-1: Ball 1-1: Foul Ball, location: 2F 1-2: Strikes out swinging
|
Batting: RHB Domingo Hernández
|
0-0: Ball 1-0: Swinging Strike 1-1: Ball 2-1: Ball 3-1: Base on Balls
|
Batting: RHB Jorge Hernández
|
0-0: SINGLE (Line Drive, 56D) César Osequedo scores Domingo Hernández to second
|
Batting: SHB Cory Campbell
|
0-0: Called Strike 0-1: Ball 1-1: Called Strike 1-2: Ball 2-2: Foul Ball, location: 2F 2-2: Ball 3-2: Foul Ball, location: 2F 3-2: Hit by Pitch Domingo Hernández to third Jorge Hernández to second
|
Batting: RHB Ramón Díaz
|
0-0: Ball 1-0: Foul Ball, location: 2F 1-1: Swinging Strike 1-2: Strikes out swinging
|
Top of the 2nd over - 1 run(s), 2 hit(s), 0 error(s), 3 left on base; Nantucket 2 - Detroit 0 |
BOTTOM OF THE 2ND |
Detroit Dirty Snow batting - Pitching for Nantucket Orcas : LHP Esteban Soto
|
Batting: RHB Carlos Rocha
|
0-0: Ball 1-0: Ball 2-0: Foul Ball, location: 2F 2-1: Foul Ball, location: 2F 2-2: Ball 3-2: Foul Ball, location: 2F 3-2: Base on Balls
|
Batting: RHB Charlie O'Farrell
|
0-0: Called Strike 0-1: Called Strike 0-2: Strikes out swinging
|
Batting: SHB Alan Garland
|
0-0: Ball 1-0: Called Strike 1-1: Ball 2-1: Grounds into double play, 5-4-3 (Groundball, 5)
|
Bottom of the 2nd over - 0 run(s), 0 hit(s), 0 error(s), 0 left on base; Nantucket 2 - Detroit 0 |
BOTTOM OF THE 3RD |
Detroit Dirty Snow batting - Pitching for Nantucket Orcas : LHP Esteban Soto
|
Batting: SHB Cristián López
|
0-0: Foul Ball, location: 2F 0-1: Bunt missed! 0-2: Ball 1-2: Foul Ball, location: 2F 1-2: SINGLE (Flyball, 89S)
|
Batting: RHB Carlos Salas
|
0-0: Ball 1-0: Ball 2-0: Called Strike 2-1: Ball 3-1: Called Strike 3-2: Base on Balls Cristián López to second
|
Batting: RHB Phil Wright
|
0-0: Swinging Strike 0-1: SINGLE (Line Drive, 8RS) Cristián López to third Carlos Salas to second
|
Batting: RHB Cristo Souza
|
0-0: Foul Ball, location: 2F 0-1: Ball 1-1: Grounds into double play, 6-4-3 (Groundball, 6) Cristián López scores Carlos Salas to third
|
Batting: LHB Eric Powell
|
0-0: Fly out, F7 (Flyball, 7S)
|
Bottom of the 3rd over - 1 run(s), 2 hit(s), 0 error(s), 1 left on base; Nantucket 3 - Detroit 1 |
TOP OF THE 4TH |
Nantucket Orcas batting - Pitching for Detroit Dirty Snow : LHP Marcos Ortíz
|
Batting: SHB Cory Campbell
|
0-0: Ball 1-0: Ball 2-0: Called Strike 2-1: Called Strike 2-2: SINGLE (Groundball, 34D)
|
Batting: RHB Ramón Díaz
|
0-0: Foul Ball, location: 2F 0-1: Foul Ball, location: 2F 0-2: Strikes out swinging
|
Batting: SHB Héctor Padilla
|
0-0: TRIPLE (Line Drive, 8RXD) Cory Campbell scores
|
Pitching: RHP Leonard Christensen
|
|
Batting: RHB Roberto Canó
|
0-0: Fly out, F7 (Flyball, 78M) Runner from 3rd tags up, SCORES, no throw
|
Batting: RHB César Osequedo
|
0-0: Ball 1-0: Foul Ball, location: 2F 1-1: Ball 2-1: SINGLE (Groundball, 56) (infield hit)
|
Batting: RHB Pepe Franco
|
0-0: Called Strike César Osequedo steals 2nd base 0-1: Called Strike 0-2: Strikes out swinging
|
Top of the 4th over - 2 run(s), 3 hit(s), 0 error(s), 1 left on base; Nantucket 5 - Detroit 1 |
BOTTOM OF THE 4TH |
Detroit Dirty Snow batting - Pitching for Nantucket Orcas : LHP Esteban Soto
|
Batting: RHB Arturo Jiménez
|
0-0: Called Strike 0-1: Swinging Strike 0-2: Ground out 5-3 (Groundball, 56S)
|
Batting: RHB Carlos Rocha
|
0-0: Ball 1-0: Called Strike 1-1: Foul Ball, location: 2F 1-2: Ball 2-2: Ball 3-2: Base on Balls
|
Batting: RHB Charlie O'Farrell
|
0-0: Ball 1-0: Called Strike 1-1: Fly out, F7 (Flyball, 7LMF)
|
Batting: SHB Alan Garland
|
0-0: Ball 1-0: Called Strike 1-1: Swinging Strike 1-2: Strikes out swinging
|
Bottom of the 4th over - 0 run(s), 0 hit(s), 0 error(s), 1 left on base; Nantucket 5 - Detroit 1 |
TOP OF THE 5TH |
Nantucket Orcas batting - Pitching for Detroit Dirty Snow : RHP Leonard Christensen
|
Batting: LHB Noah Gillespie
|
0-0: Called Strike 0-1: Swinging Strike 0-2: Ball 1-2: Foul Ball, location: 2F 1-2: Ball 2-2: DOUBLE (Line Drive, 78D)
|
Batting: RHB Domingo Hernández
|
0-0: Called Strike Noah Gillespie steals 3rd base 0-1: Ball 1-1: Foul Ball, location: 2F 1-2: Ball 2-2: Strikes out swinging
|
Batting: RHB Jorge Hernández
|
0-0: Ball 1-0: Foul Ball, location: 2F 1-1: Foul Ball, location: 2F 1-2: Foul Ball, location: 2F 1-2: Ball 2-2: Ball 3-2: SINGLE (Line Drive, 89S) Noah Gillespie scores
|
Batting: SHB Cory Campbell
|
0-0: Ball Jorge Hernández steals 2nd base 1-0: Called Strike 1-1: Ground out 6-3 (Groundball, 6D)
|
Batting: RHB Ramón Díaz
|
0-0: Ball 1-0: Foul Ball, location: 2F 1-1: Called Strike 1-2: Strikes out swinging
|
Top of the 5th over - 1 run(s), 2 hit(s), 0 error(s), 1 left on base; Nantucket 6 - Detroit 1 |
BOTTOM OF THE 5TH |
Detroit Dirty Snow batting - Pitching for Nantucket Orcas : LHP Esteban Soto
|
Batting: SHB Cristián López
|
0-0: Ball 1-0: Swinging Strike 1-1: Ball 2-1: Ball 3-1: Base on Balls
|
Batting: RHB Carlos Salas
|
0-0: Ball 1-0: Ball 2-0: Ball 3-0: Called Strike 3-1: Fly out, F7 (Line Drive, 78M)
|
Batting: RHB Phil Wright
|
0-0: Fly out, F8 (Flyball, 8RM)
|
Batting: RHB Cristo Souza
|
0-0: Ball 1-0: Called Strike 1-1: Ball 2-1: Foul Ball, location: 2F 2-2: Strikes out swinging
|
Bottom of the 5th over - 0 run(s), 0 hit(s), 0 error(s), 1 left on base; Nantucket 6 - Detroit 1 |
TOP OF THE 6TH |
Nantucket Orcas batting - Pitching for Detroit Dirty Snow : RHP Leonard Christensen
|
Batting: SHB Héctor Padilla
|
0-0: Called Strike 0-1: SINGLE (Line Drive, 89S)
|
Batting: RHB Roberto Canó
|
0-0: DOUBLE (Groundball, 5L) Héctor Padilla to third
|
Batting: RHB César Osequedo
|
0-0: Ball 1-0: TRIPLE (Line Drive, 78M) Héctor Padilla scores Roberto Canó scores
|
Batting: RHB Pepe Franco
|
0-0: Called Strike 0-1: Fly out, F8 (Flyball, 8LM) Runner from 3rd tags up, SCORES, no throw
|
Pitching: RHP George Burks
|
|
Batting: LHB Noah Gillespie
|
0-0: Ball 1-0: Called Strike 1-1: Called Strike 1-2: Ball 2-2: Foul Ball, location: 2F 2-2: Foul Ball, location: 2F 2-2: Ground out 3-1 (Groundball, 34S)
|
Batting: RHB Domingo Hernández
|
0-0: Swinging Strike 0-1: Foul Ball, location: 2F 0-2: Ball 1-2: Ball 2-2: SINGLE (Line Drive, 6MD)
|
Batting: RHB Jorge Hernández
|
0-0: Ball 1-0: Ball 2-0: Ball 3-0: Base on Balls Domingo Hernández to second
|
Batting: SHB Cory Campbell
|
0-0: Foul Ball, location: 2F 0-1: Ball 1-1: Ball 2-1: Fly out, F8 (Flyball, 78S)
|
Top of the 6th over - 3 run(s), 4 hit(s), 0 error(s), 2 left on base; Nantucket 9 - Detroit 1 |
BOTTOM OF THE 6TH |
Detroit Dirty Snow batting - Pitching for Nantucket Orcas : LHP Esteban Soto
|
Batting: LHB Eric Powell
|
0-0: Called Strike 0-1: Fly out, F9 (Flyball, 9)
|
Batting: RHB Arturo Jiménez
|
0-0: Ball 1-0: Ball 2-0: Foul Ball, location: 2F 2-1: Foul Ball, location: 2F 2-2: Ball 3-2: Foul Ball, location: 2F 3-2: Ground out 6-3 (Groundball, 6)
|
Batting: RHB Carlos Rocha
|
0-0: Fly out, F3 (Popup, 3L)
|
Bottom of the 6th over - 0 run(s), 0 hit(s), 0 error(s), 0 left on base; Nantucket 9 - Detroit 1 |
TOP OF THE 7TH |
Nantucket Orcas batting - Pitching for Detroit Dirty Snow : RHP George Burks
|
Batting: RHB Ramón Díaz
|
0-0: Ball 1-0: Ball 2-0: Ball 3-0: Base on Balls
|
Batting: SHB Héctor Padilla
|
0-0: Called Strike 0-1: Ball 1-1: Ball 2-1: DOUBLE (Flyball, 7LD) Ramón Díaz to third
|
Batting: RHB Roberto Canó
|
0-0: Ball 1-0: Called Strike 1-1: Called Strike 1-2: Reached on error, E3 (Groundball, 3) Ramón Díaz scores Héctor Padilla to third
|
Batting: RHB César Osequedo
|
0-0: Called Strike 0-1: Grounds into double play, 6-4-3 (Groundball, 6) Héctor Padilla scores
|
Batting: RHB Pepe Franco
|
0-0: Ball 1-0: Ball 2-0: Ball 3-0: Base on Balls
|
Batting: LHB Noah Gillespie
|
|
Pinch Hitting: LHB Carter Sweet
|
0-0: Ball 1-0: Foul Ball, location: 2F 1-1: Foul Ball, location: 2F 1-2: Ball 2-2: Foul Ball, location: 2F 2-2: Foul Ball, location: 2F 2-2: DOUBLE (Line Drive, 9LM) Pepe Franco to third
|
Batting: RHB Domingo Hernández
|
0-0: Called Strike 0-1: Ball 1-1: Ball 2-1: Fly out, F8 (Flyball, 8LD)
|
Top of the 7th over - 2 run(s), 2 hit(s), 1 error(s), 2 left on base; Nantucket 11 - Detroit 1 |
BOTTOM OF THE 7TH |
Detroit Dirty Snow batting - Pitching for Nantucket Orcas : LHP Esteban Soto
|
Pitching: LHP Alberto Gutiérrez
|
|
Now in RF: Dan Dunn
|
|
Batting: RHB Charlie O'Farrell
|
0-0: Called Strike 0-1: Ball 1-1: Ball 2-1: Foul Ball, location: 2F 2-2: Strikes out swinging
|
Batting: SHB Alan Garland
|
0-0: Called Strike 0-1: Swinging Strike 0-2: Ball 1-2: Ball 2-2: Strikes out swinging
|
Batting: SHB Cristián López
|
0-0: Called Strike 0-1: Foul Ball, location: 2F 0-2: Fly out, F9 (Flyball, 9LS)
|
Bottom of the 7th over - 0 run(s), 0 hit(s), 0 error(s), 0 left on base; Nantucket 11 - Detroit 1 |
TOP OF THE 8TH |
Nantucket Orcas batting - Pitching for Detroit Dirty Snow : RHP George Burks
|
Batting: RHB Jorge Hernández
|
0-0: Ball 1-0: SINGLE (Groundball, 34D)
|
Batting: SHB Cory Campbell
|
0-0: Ball 1-0: Ball 2-0: Ball 3-0: Base on Balls Jorge Hernández to second
|
Batting: RHB Ramón Díaz
|
0-0: Ball 1-0: Called Strike 1-1: Ball 2-1: Foul Ball, location: 2F 2-2: Ball 3-2: Foul Ball, location: 2F 3-2: Foul Ball, location: 2F 3-2: Base on Balls Jorge Hernández to third Cory Campbell to second
|
Batting: SHB Héctor Padilla
|
0-0: Ball 1-0: Foul Ball, location: 2F 1-1: Swinging Strike 1-2: Strikes out looking
|
Batting: RHB Roberto Canó
|
0-0: Ball 1-0: Ball 2-0: Called Strike 2-1: Ball 3-1: Called Strike 3-2: Grounds into fielders choice 2-2 (Groundball, 15S) Cory Campbell to third Ramón Díaz to second
|
Batting: RHB César Osequedo
|
0-0: Fielders Choice at 2nd, 5-4 (Groundball, 56)
|
Top of the 8th over - 0 run(s), 1 hit(s), 0 error(s), 2 left on base; Nantucket 11 - Detroit 1 |
BOTTOM OF THE 8TH |
Detroit Dirty Snow batting - Pitching for Nantucket Orcas : LHP Alberto Gutiérrez
|
Batting: RHB Carlos Salas
|
0-0: Fly out, F9 (Flyball, 9LS)
|
Batting: RHB Phil Wright
|
0-0: Ball 1-0: Called Strike 1-1: Ball 2-1: Ball 3-1: Swinging Strike 3-2: Base on Balls
|
Batting: RHB Cristo Souza
|
0-0: Ball 1-0: Ground out 5-3 (Groundball, 5S) Phil Wright to second
|
Batting: LHB Eric Powell
|
0-0: Foul Ball, location: 2F 0-1: Ball 1-1: Foul Ball, location: 2F 1-2: Foul Ball, location: 2F 1-2: Foul Ball, location: 2F 1-2: Ball 2-2: Ball 3-2: Fly out, F9 (Flyball, 89S)
|
Bottom of the 8th over - 0 run(s), 0 hit(s), 0 error(s), 1 left on base; Nantucket 11 - Detroit 1 |
TOP OF THE 9TH |
Nantucket Orcas batting - Pitching for Detroit Dirty Snow : RHP George Burks
|
Batting: RHB Pepe Franco
|
0-0: Called Strike 0-1: Hit by Pitch
|
Batting: SHB Dan Dunn
|
0-0: Ball 1-0: Fly out, F7 (Flyball, 78S)
|
Batting: RHB Domingo Hernández
|
0-0: Ball 1-0: SINGLE (Flyball, 9LM) Pepe Franco to second Runner from 2nd tries for 3rd, SAFE, throw made to third
|
Batting: RHB Jorge Hernández
|
0-0: Called Strike 0-1: Ball 1-1: Foul Ball, location: 2F 1-2: Foul Ball, location: 2F 1-2: Fly out, F8 (Flyball, 8LM) Runner from 3rd tags up, SCORES, no throw
|
Pitching: LHP Alonso Pineda
|
|
Batting: SHB Cory Campbell
|
0-0: Called Strike 0-1: Ball 1-1: Ball 2-1: Swinging Strike 2-2: Foul Ball, location: 2F 2-2: Ball 3-2: Strikes out swinging
|
Top of the 9th over - 1 run(s), 1 hit(s), 0 error(s), 1 left on base; Nantucket 12 - Detroit 1 |
BOTTOM OF THE 9TH |
Detroit Dirty Snow batting - Pitching for Nantucket Orcas : LHP Alberto Gutiérrez
|
Batting: RHB Arturo Jiménez
|
0-0: Ball 1-0: Foul Ball, location: 2F 1-1: Fly out, F9 (Line Drive, 9)
|
Batting: RHB Carlos Rocha
|
0-0: Ground out 5-3 (Groundball, 2L)
|
Batting: RHB Charlie O'Farrell
|
0-0: Ball 1-0: Ball 2-0: Ground out 4-3 (Groundball, 4)
|
Bottom of the 9th over - 0 run(s), 0 hit(s), 0 error(s), 0 left on base; Nantucket 12 - Detroit 1 |
|